 Dungeon Crawl Stone Soup version 0.25.1-2-g60ff931df9 (webtiles) character file.

Game seed: 2451714380405469010

11415 Setanta the Cleaver (level 11, -1/97 HPs)
             Began as a Demigod Fighter on Sept 25, 2020.
             Slain by a five-headed hydra (9 damage)
             ... on level 2 of the Lair of Beasts on Sept 26, 2020.
             The game lasted 00:34:38 (14103 turns).

Setanta the Cleaver (Demigod Fighter)              Turns: 14103, Time: 00:34:39

Health: -1/97      AC: 16    Str: 32    XL:     11   Next: 25%
Magic:  21/32      EV: 15    Int: 19    God:
Gold:   600        SH:  0    Dex: 16    Spells: 10/10 levels left

rFire    . . .     SeeInvis +   C - +8 quarterstaff of Ofenato {chaos, +Rage MR+ MP+9 Str+2}
rCold    . . .     Gourm    .   (shield currently unavailable)
rNeg     . . .     Faith    .   b - +0 scale mail
rPois    .         Spirit   .   G - +2 helmet {SInv}
rElec    .         Reflect  .   q - +1 cloak
rCorr    .         Harm     .   M - +2 pair of gloves
MR       ++...                  (no boots)
Stlth    ..........             k - amulet of regeneration
HPRegen  0.66/turn              g - ring of wizardry
MPRegen  0.23/turn              r - ring of Qaadenin {*Slow MP+9 Str+9 Int+7 Dex-3}

@: no status effects
A: high mp 1
a: Evoke Berserk Rage


You were on level 2 of the Lair of Beasts.
You were not hungry.

You visited 3 branches of the dungeon, and saw 14 of its levels.

You collected 2975 gold pieces.
You spent 2375 gold pieces at shops.

Inventory:

Hand Weapons
 a - a +1 war axe
 e - the +7 war axe "Eviscerator" {speed, rElec rF+ Dex+4}
   (You bought it in a shop on level 4 of the Dungeon)

   Attacks with this weapon are significantly faster.
   It affects your dexterity (+4).
   It protects you from fire.
   It insulates you from electricity.
 C - the +8 quarterstaff of Ofenato (weapon) {chaos, +Rage MR+ MP+9 Str+2}
   (You found it on level 4 of the Dungeon)

   Each time it hits an enemy it has a different, random effect.
   It affects your strength (+2).
   It affects your resistance to hostile enchantments.
   It affects your magic capacity (+9).
   It lets you go berserk.
 H - a +2 flail of protection
Missiles
 D - 4 throwing nets (quivered)
 F - 5 javelins
Armour
 b - a +0 scale mail (worn)
 c - a +0 kite shield
 q - a +1 cloak (worn)
 G - a +2 helmet of see invisible (worn)
 M - a +2 pair of gloves (worn)
Jewellery
 g - a ring of wizardry (left hand)
 k - an amulet of regeneration (around neck)
 r - the ring of Qaadenin (right hand) {*Slow MP+9 Str+9 Int+7 Dex-3}
   (You acquired it on level 1 of the Lair of Beasts)

   [ring of magical power]

   It affects your strength (+9).
   It affects your intelligence (+7).
   It affects your dexterity (-3).
   It affects your magic capacity (+9).
   It may slow you when you take damage.
 B - an uncursed ring of ice
Wands
 x - a wand of digging (3)
 L - a wand of paralysis (13)
 N - a wand of polymorph (9)
 P - a wand of acid (8)
Scrolls
 h - 7 scrolls of enchant armour
 i - 3 scrolls of teleportation
 l - a scroll of enchant weapon
 m - 6 scrolls of remove curse
 p - 5 scrolls of identify
 u - 3 scrolls of blinking
 z - a scroll of fog
Potions
 d - a potion of mutation
 n - 2 potions of cancellation
 o - 3 potions of curing
 t - 3 potions of flight
Comestibles
 f - 24 rations


   Skills:
 + Level 9.6 Fighting
 + Level 11.1 Axes
 - Level 6.1 Armour
 - Level 7.0 Dodging
 - Level 2.6 Shields


You had 10 spell levels left.
You didn't know any spells.
Your spell library contained the following spells:

 Spells                   Type           Power        Failure   Level  Hunger
 Animate Skeleton         Necr           N/A          16%         1    ##.....
 Apportation              Tloc           #.....       16%         1    ##.....
 Beastly Appendage        Tmut           #.....       16%         1    ##.....
 Corona                   Hex            #......      16%         1    ##.....
 Magic Dart               Conj           #...         16%         1    ##.....
 Summon Small Mammal      Summ           #...         16%         1    ##.....
 Searing Ray              Conj           #.....       22%         2    ###....
 Sticks to Snakes         Tmut           #.......     22%         2    ###....
 Confusing Touch          Hex            #.......     41%         3    ####...
 Dazzling Flash           Conj/Hex       #.....       41%         3    ####...
 Gell's Gravitas          Tloc           #.........   41%         3    ####...
 Spider Form              Tmut/Pois      #.........   41%         3    ####...
 Fulminant Prism          Conj/Hex       #.........   80%         4    #####..
 Ice Form                 Ice/Tmut       #.......     80%         4    #####..
 Iskenderun's Mystic Bla  Conj/Tloc      #.......     80%         4    #####..
 Petrify                  Tmut/Erth      #.......     80%         4    #####..
 Blade Hands              Tmut           #.........   98%         5    ######.
 Metabolic Englaciation   Hex/Ice        #.........   98%         5    ######.
 Yara's Violent Unravell  Hex/Tmut       #.........   98%         5    ######.


Dungeon Overview and Level Annotations

Branches:
Dungeon (11/15)            Temple (1/1) D:5            Lair (2/6) D:10
  Swamp: Lair:2-4    Shoals: Lair:2-4     Snake: Lair:2-4    Spider: Lair:2-4
    Orc: D:9-12

Shops:
D:4 (   D:6 *   D:8 *(*:(   D:9 ?

Annotations:
D:8 Harold


Innate Abilities, Weirdness & Mutations

You have an increased reservoir of magic. (+10% MP)


Message History

The five-headed hydra misses you. The five-headed hydra bites you.
The five-headed hydra barely misses you.
You barely miss the five-headed hydra.
The five-headed hydra is severely wounded.
The five-headed hydra barely misses you. x2
The five-headed hydra bites you!
The five-headed hydra barely misses you.
The five-headed hydra bites you.
The five-headed hydra bites you but does no damage. x2
The five-headed hydra closely misses you.
The five-headed hydra bites you. The five-headed hydra bites you!
You barely miss the five-headed hydra.
The five-headed hydra is severely wounded.
The five-headed hydra bites you!
* * * LOW HITPOINT WARNING * * *
The five-headed hydra bites you!
* * * LOW HITPOINT WARNING * * *
The five-headed hydra bites you but does no damage. x2
The five-headed hydra bites you!
You die...

.... .#.. ....
##.... #....
...... #....
#...... ......
.......
......##.......
.......D.......
.......@.......
...............
.?.....>.......
#..............
#....#.........
...............
#... ..........
P..............


You could see a five-headed hydra.

Vanquished Creatures
  A hydra (Lair:1)
  A two-headed ogre (D:10)
  2 gargoyles
  A komodo dragon (Lair:1)
  A queen bee (D:8)
  A troll (D:9)
  A hornet (D:7)
  A hippogriff (D:8)
  Grinder (D:5)
  2 slime creatures (D:9)
  Sigmund (D:2)
  A wyvern (D:11)
  A basilisk (Lair:1)
  5 yaks (D:8)
  Grum (D:8)
  3 porcupines (Lair:1)
  2 ice beasts
  3 orc warriors
  An eye of draining (shapeshifter) (D:5)
  4 sky beasts
  4 black bears
  A necrophage (D:6)
  4 ogres
  A phantom (D:9)
  A crocodile (D:7)
  6 wolves
  2 centaurs
  2 big kobolds (D:10)
  5 bullfrogs
  3 scorpions
  3 wights (D:10)
  18 killer bees
  2 electric eels (D:10)
  4 howler monkeys
  2 crimson imps
  13 hounds
  A quasit (D:9)
  2 centaur zombies
  3 jellies
  An orc priest (D:6)
  A gnoll shaman (D:5)
  7 orc wizards
  A bullfrog skeleton (D:9)
  Jessica (D:2)
  Ijyb (D:3)
  5 iguanas
  11 worker ants
  16 gnolls
  14 adders
  2 shadow imps
  2 oozes
  An adder zombie (D:7)
  2 adder skeletons
  3 worms
  2 dart slugs
  6 leopard geckos
  31 orcs
  3 giant cockroaches
  5 goblins
  8 hobgoblins
  24 jackals
  2 quokkas
  2 ball pythons (D:1)
  8 bats
  6 frilled lizards
  15 kobolds
  10 rats
301 creatures vanquished.

Vanquished Creatures (others)
  A gargoyle (D:10)
1 creature vanquished.

Grand Total: 302 creatures vanquished

Notes
Turn   | Place    | Note
-------+----------+-------------------------------------------
     0 | D:1      | Setanta the Demigod Fighter began the quest for the Orb.
     0 | D:1      | Reached XP level 1. HP: 18/18 MP: 3/3
    68 | D:1      | Reached skill level 2 in Axes
   120 | D:1      | Reached XP level 2. HP: 26/26 MP: 4/4
   961 | D:1      | Reached XP level 3. HP: 31/31 MP: 5/5
  1180 | D:2      | Found an ancient bone altar of Kikubaaqudgha.
  1188 | D:2      | Reached skill level 3 in Axes
  1726 | D:2      | Noticed Jessica
  1730 | D:2      | Killed Jessica
  1730 | D:2      | Reached XP level 4. HP: 38/38 MP: 6/6
  1816 | D:2      | Noticed Sigmund
  1828 | D:2      | Killed Sigmund
  1828 | D:2      | Reached skill level 5 in Axes
  1828 | D:2      | Reached XP level 5. HP: 33/46 MP: 7/7
  2544 | D:3      | Reached XP level 6. HP: 52/52 MP: 8/8
  2802 | D:3      | Noticed Ijyb
  2808 | D:3      | Paralysed by Ijyb for 3 turns
  2825 | D:3      | Killed Ijyb
  3083 | D:4      | Reached skill level 6 in Axes
  3126 | D:4      | Got a crystal quarterstaff
  3127 | D:4      | Identified the +8 quarterstaff of Ofenato {chaos, +Rage MR+
                  | MP+9 Str+2} (You found it on level 4 of the Dungeon)
  3548 | D:4      | Reached XP level 7. HP: 55/60 MP: 9/9
  3620 | D:4      | Found Ryzig's Weapon Shop.
  4015 | D:5      | Entered Level 5 of the Dungeon
  4020 | D:5      | Identified the cursed +0 quarterstaff of the Original Sin
                  | {flame, Str+6 SInv}
  4032 | D:5      | Reached skill level 7 in Axes
  4802 | D:5      | Reached skill level 5 in Fighting
  5038 | D:5      | Reached XP level 8. HP: 39/70 MP: 10/10
  5237 | D:5      | Noticed Grinder
  5239 | D:5      | Found a staircase to the Ecumenical Temple.
  5264 | D:5      | Killed Grinder
  5278 | Temple   | Entered the Ecumenical Temple
  6396 | D:6      | Reached skill level 1 in Dodging
  7021 | D:6      | Reached XP level 9. HP: 75/78 MP: 11/11
  7129 | D:6      | Found Dosaeleph's General Store.
  7133 | D:6      | Bought a +2 helmet of see invisible for 258 gold pieces
  7866 | D:7      | Paralysed by a hornet for 1 turns
  8059 | D:7      | Reached skill level 5 in Armour
  8233 | D:8      | Noticed Harold
  8486 | D:8      | Found Micuquti's Book Shoppe.
  8486 | D:8      | Noticed Grum
  8513 | D:8      | Killed Grum
  8568 | D:8      | Reached skill level 5 in Dodging
  8778 | D:8      | Found Poidimuz's Weapon Shop.
  8849 | D:8      | Found Tilulol's General Store.
  9179 | D:7      | Reached XP level 10. HP: 77/88 MP: 13/13
  9368 | D:8      | Found Tufir's General Store.
  9528 | D:8      | Found Cyuz Zel's Weapon Shop.
 10031 | D:8      | Reached skill level 8 in Axes
 10614 | D:9      | Found Yrod's Magic Scroll Shoppe.
 10660 | D:9      | Reached skill level 9 in Axes
 10660 | D:9      | HP: 2/90 [slime creature (16)]
 10972 | D:10     | Entered Level 10 of the Dungeon
 10989 | D:10     | Noticed a two-headed ogre
 11015 | D:9      | HP: 3/90 [troll (3)]
 11268 | D:10     | Found a stormy altar of Qazlal.
 11421 | D:10     | Killed a two-headed ogre
 11421 | D:10     | Reached skill level 10 in Axes
 11620 | D:10     | Found a staircase to the Lair.
 11676 | Lair:1   | Entered Level 1 of the Lair of Beasts
 11701 | Lair:1   | Noticed a six-headed hydra
 12264 | D:11     | Reached XP level 11. HP: 97/97 MP: 14/14
 12482 | D:11     | Noticed a death knight
 12508 | D:11     | HP: 2/97 [death knight/+0 broad axe (15)]
 12772 | Lair:1   | Killed a six-headed hydra
 12976 | Lair:1   | Reached skill level 11 in Axes
 13683 | Lair:1   | Identified a scroll of acquirement
 13683 | Lair:1   | Acquired 1730 gold pieces
 13859 | D:4      | Bought the +7 war axe "Eviscerator" {speed, rElec rF+
                  | Dex+4} for 973 gold pieces
 14011 | D:9      | Bought a scroll of acquirement for 572 gold pieces
 14011 | D:9      | Bought a scroll of acquirement for 572 gold pieces
 14067 | Lair:1   | Acquired the ring of Qaadenin {*Slow MP+9 Str+9 Int+7
                  | Dex-3}
 14070 | Lair:1   | Acquired 590 gold pieces
 14087 | Lair:2   | Noticed a five-headed hydra
 14103 | Lair:2   | Slain by a five-headed hydra

Illustrated notes

Levels and vault maps discovered:
D:1:      saegor_arrival_simple_d, layout_loops_ring, minmay_box_of_dots
D:2:      layout_loops_ring, kiku_gazebo_garden_becter, uniq_sigmund,
          uniq_jessica
D:3:      layout_rooms, first_ration, nrook_campfire, uniq_ijyb
D:4:      layout_gridville, serial_shops, nicolae_shop_behind_doors,
          kennysheep_windowed_goal
D:5:      cheibrodos_fzero, layout_cave_pods, minmay_temple_entry_sparse_star,
          uniq_grinder
D:6:      layout_loops_ring, serial_shops, shop, minmay_starry_boxes
D:7:      layout_loops_cross
D:8:      layout_loops_corners, serial_shops, shop, nicolae_shop_trees,
          kennysheep_mini_moat, nicolae_shop_trees,
          nicolae_shop_temple_entry_statues_fountains,
          hangedman_abyss_or_decor_lesser_grid, david_nohive_1, uniq_grum,
          uniq_harold
D:9:      layout_small_grid, serial_shops, shop, chequers_serial_rivers_marsh
D:10:     layout_basic, erik_lair_island, grunt_qazlal_clouds
D:11:     layout_irregular_city, minmay_orc_entry_temple_small
Temple:   regret_index_temple_sigil_plot
Lair:1:   layout_loops_ring
Lair:2:   layout_cave_pods, infiniplex_staircase_pool, minmay_lair_oklob_chamber

Skill      XL: |  1  2  3  4  5  6  7  8  9 10 11 |
---------------+----------------------------------+-----
Axes           | 2 3 5 6 7 10 11 | 11.1
Fighting       | 3 4 5 8 9 |  9.6
Armour         | 3 6 |  6.1
Dodging        | 2 6 7 |  7.0
Shields        | |  2.6

Action                   |  1- 3 |  4- 6 |  7- 9 | 10-12 || total
-------------------------+-------+-------+-------+-------++-------
Melee: War axe           |   141 |   202 |   530 |   438 ||  1311
       Quarterstaff      |       |       |       |    11 ||    11
Throw: Throwing net      |       |       |     2 |     1 ||     3
Evoke: Wand              |       |       |       |     7 ||     7
  Use: Scroll            |     4 |     6 |     8 |     8 ||    26
       Potion            |       |     1 |     2 |     7 ||    10
  Eat: Chunk             |     2 |     6 |     6 |    12 ||    26
       Ration            |       |     1 |     3 |     2 ||     6
Armor: Scale mail        |    80 |    70 |   236 |   215 ||   601
Dodge: Dodged            |    47 |    66 |   210 |   272 ||   595
Block: Kite shield       |    76 |   104 |   280 |   284 ||   744
